NCAA
WASHINGTON HUSKIES @ CINCINNATI BEARCATS
05/17/2028
 
TOP OF THE 1ST
Washington Huskies batting - Pitching for Cincinnati Bearcats : RHP José Ruíz
Pitching: RHP José Ruíz
Batting: RHB Mario Rodríguez 0-0: Ball
1-0: TRIPLE (Flyball, 8RD)
Batting: RHB Roberto Silva 0-0: Ball
1-0: Foul Ball, location: 2F
1-1: Ball
2-1: SINGLE (Line Drive, 7S)
Mario Rodríguez scores
Batting: RHB Carlos Sousa 0-0: Foul Ball, location: 2F
0-1: Ball
1-1: Swinging Strike
1-2: Strikes out swinging
Batting: RHB Jesús López 0-0: Fly out, F7 (Flyball, 78M)
Batting: RHB Patrick Chávez 0-0: Called Strike
0-1: Swinging Strike
0-2: Ball
1-2: Foul Ball, location: 2F
1-2: Strikes out swinging
Top of the 1st over - 1 run(s), 2 hit(s), 0 error(s), 1 left on base; Washington 1 - Cincinnati 0
BOTTOM OF THE 1ST
Cincinnati Bearcats batting - Pitching for Washington Huskies : RHP Jeff Nelson
Pitching: RHP Jeff Nelson
Batting: RHB Phil Poole 0-0: Ball
1-0: Swinging Strike
1-1: Ball
2-1: Swinging Strike
2-2: Strikes out swinging
Batting: SHB Pete Potter 0-0: Called Strike
0-1: Ball
1-1: Ball
2-1: SINGLE (Line Drive, 3L)
Batting: LHB Caleb Ruíz 0-0: Grounds into double play, 4-6-3 (Groundball, 4)
Bottom of the 1st over - 0 run(s), 1 hit(s), 0 error(s), 0 left on base; Washington 1 - Cincinnati 0
TOP OF THE 2ND
Washington Huskies batting - Pitching for Cincinnati Bearcats : RHP José Ruíz
Batting: RHB Jake Townsend 0-0: Ball
1-0: Ball
2-0: Ball
3-0: Base on Balls
Batting: RHB Jim Hooper 0-0: Ball
Throwing error on steal attempt, E2
Jake Townsend to third
1-0: Ball
2-0: Called Strike
2-1: DOUBLE (Line Drive, 7LD)
Jake Townsend scores
Batting: SHB Pedro Sousa 0-0: Swinging Strike
0-1: Ball
1-1: Called Strike
1-2: Strikes out swinging
Batting: RHB Erik Carbajal 0-0: Called Strike
0-1: Called Strike
0-2: Ball
1-2: Strikes out looking
Batting: RHB Mario Rodríguez 0-0: Called Strike
0-1: Ball
1-1: Ball
2-1: Ball
3-1: Fly out, F8 (Line Drive, 8LM)
Top of the 2nd over - 1 run(s), 1 hit(s), 1 error(s), 1 left on base; Washington 2 - Cincinnati 0
BOTTOM OF THE 2ND
Cincinnati Bearcats batting - Pitching for Washington Huskies : RHP Jeff Nelson
Batting: SHB Miguel Price 0-0: Ball
1-0: SINGLE (Groundball, 6MD)
Batting: RHB Craig Porter 0-0: Ball
1-0: Ball
2-0: Called Strike
2-1: Called Strike
2-2: Ground out 2-3 (Groundball, 15S)
Miguel Price to second
Batting: RHB Larry O'Sheill 0-0: Ball
1-0: Ball
2-0: DOUBLE (Flyball, 8RD)
Miguel Price scores
Batting: RHB Ron Moore 0-0: Called Strike
0-1: Ball
1-1: Ball
2-1: Ball
3-1: Base on Balls
Batting: LHB Lee Price 0-0: Ball
1-0: Ball
2-0: Called Strike
2-1: Swinging Strike
2-2: Strikes out looking
Batting: RHB Ralph Summers 0-0: Ball
1-0: Foul Ball, location: 2F
1-1: Ball
2-1: Ground out 5-3 (Groundball, 56S)
Bottom of the 2nd over - 1 run(s), 2 hit(s), 0 error(s), 2 left on base; Washington 2 - Cincinnati 1
TOP OF THE 3RD
Washington Huskies batting - Pitching for Cincinnati Bearcats : RHP José Ruíz
Batting: RHB Roberto Silva 0-0: Bunted foul
0-1: Hit by Pitch
Batting: RHB Carlos Sousa 0-0: Ball
1-0: Foul Ball, location: 2F
1-1: Swinging Strike
1-2: Ball
2-2: Strikes out looking
Batting: RHB Jesús López 0-0: Called Strike
0-1: Called Strike
0-2: Foul Ball, location: 2F
0-2: Ball
1-2: Foul Ball, location: 2F
1-2: Foul Ball, location: 2F
1-2: Strikes out swinging
Batting: RHB Patrick Chávez 0-0: Ball
1-0: Foul Ball, location: 2F
1-1: Foul Ball, location: 2F
1-2: Strikes out swinging
Top of the 3rd over - 0 run(s), 0 hit(s), 0 error(s), 1 left on base; Washington 2 - Cincinnati 1
BOTTOM OF THE 3RD
Cincinnati Bearcats batting - Pitching for Washington Huskies : RHP Jeff Nelson
Batting: RHB Phil Poole 0-0: Ball
1-0: Fly out, F8 (Line Drive, 89M)
Batting: SHB Pete Potter 0-0: Called Strike
0-1: Called Strike
0-2: Strikes out looking
Batting: LHB Caleb Ruíz 0-0: Swinging Strike
0-1: Ball
1-1: Foul Ball, location: 2F
1-2: Strikes out swinging
Bottom of the 3rd over - 0 run(s), 0 hit(s), 0 error(s), 0 left on base; Washington 2 - Cincinnati 1
TOP OF THE 4TH
Washington Huskies batting - Pitching for Cincinnati Bearcats : RHP José Ruíz
Batting: RHB Jake Townsend 0-0: Foul Ball, location: 2F
0-1: Called Strike
0-2: Strikes out swinging
Batting: RHB Jim Hooper 0-0: Ball
1-0: Swinging Strike
1-1: SINGLE (Groundball, 6D)
Batting: SHB Pedro Sousa 0-0: Foul Ball, location: 2F
0-1: Ball
1-1: Ball
2-1: Called Strike
2-2: Strikes out swinging
Batting: RHB Erik Carbajal 0-0: Called Strike
0-1: Ball
1-1: Called Strike
1-2: Ball
2-2: Strikes out swinging
Top of the 4th over - 0 run(s), 1 hit(s), 0 error(s), 1 left on base; Washington 2 - Cincinnati 1
BOTTOM OF THE 4TH
Cincinnati Bearcats batting - Pitching for Washington Huskies : RHP Jeff Nelson
Batting: SHB Miguel Price 0-0: Ball
1-0: Fly out, F9 (Flyball, 89S)
Batting: RHB Craig Porter 0-0: Ball
1-0: Called Strike
1-1: Foul Ball, location: 2F
1-2: Ball
2-2: Ball
3-2: SINGLE (Line Drive, 56S)
Batting: RHB Larry O'Sheill 0-0: Ball
1-0: Ball
2-0: Ball
3-0: Called Strike
3-1: Swinging Strike
3-2: Foul Ball, location: 2F
3-2: Foul Ball, location: 2F
3-2: Strikes out swinging
Batting: RHB Ron Moore 0-0: Called Strike
0-1: Foul Ball, location: 2F
0-2: Ball
1-2: Fly out, F8 (Flyball, 8RM)
Bottom of the 4th over - 0 run(s), 1 hit(s), 0 error(s), 1 left on base; Washington 2 - Cincinnati 1
TOP OF THE 5TH
Washington Huskies batting - Pitching for Cincinnati Bearcats : RHP José Ruíz
Batting: RHB Mario Rodríguez 0-0: Ball
1-0: Ball
2-0: Called Strike
2-1: Foul Ball, location: 2F
2-2: Strikes out looking
Batting: RHB Roberto Silva 0-0: Ball
1-0: Called Strike
1-1: Foul Ball, location: 2F
1-2: Strikes out swinging
Batting: RHB Carlos Sousa 0-0: Ball
1-0: Foul Ball, location: 2F
1-1: Ground out 6-3 (Groundball, 6)
Top of the 5th over - 0 run(s), 0 hit(s), 0 error(s), 0 left on base; Washington 2 - Cincinnati 1
BOTTOM OF THE 5TH
Cincinnati Bearcats batting - Pitching for Washington Huskies : RHP Jeff Nelson
Batting: LHB Lee Price 0-0: Ball
1-0: Ball
2-0: Ball
3-0: Base on Balls
Batting: RHB Ralph Summers 0-0: Called Strike
Lee Price is caught stealing 2nd base
0-1: Ball
1-1: Ball
2-1: Fly out, F8 (Flyball, 8RM)
Batting: RHB Phil Poole 0-0: Called Strike
0-1: Foul Ball, location: 2F
0-2: Ball
1-2: Strikes out looking
Bottom of the 5th over - 0 run(s), 0 hit(s), 0 error(s), 0 left on base; Washington 2 - Cincinnati 1
TOP OF THE 6TH
Washington Huskies batting - Pitching for Cincinnati Bearcats : RHP José Ruíz
Pitching: RHP Wayne Foster
Batting: RHB Jesús López 0-0: Ball
1-0: Foul Ball, location: 2F
1-1: Foul Ball, location: 2F
1-2: Ball
2-2: Foul Ball, location: 2F
2-2: Ball
3-2: Foul Ball, location: 2F
3-2: Base on Balls
Batting: RHB Patrick Chávez 0-0: Ball
1-0: Called Strike
1-1: Ball
2-1: Ball
3-1: Foul Ball, location: 2F
3-2: SINGLE (Groundball, 6) (infield hit)
Jesús López to second
Batting: RHB Jake Townsend 0-0: Ball
1-0: Ball
2-0: Ball
Balk!
Jesús López to third
Patrick Chávez to second
3-0: Intentional Walk
Batting: RHB Jim Hooper 0-0: Ball
1-0: Swinging Strike
1-1: SINGLE (Line Drive, 4MD)
Jesús López scores
Patrick Chávez to third
Jake Townsend to second
Runner from 3rd tries for Home, SAFE, no throw
Batting: SHB Pedro Sousa 0-0: Ball
1-0: Foul Ball, location: 2F
1-1: Ball
2-1: Ball
3-1: Base on Balls
Jake Townsend to third
Jim Hooper to second
Batting: RHB Erik Carbajal 0-0: Ball
1-0: Called Strike
1-1: Called Strike
1-2: Strikes out swinging
Batting: RHB Mario Rodríguez 0-0: Ball
1-0: Ball
2-0: Ball
3-0: SINGLE (Flyball, 9LS)
Jake Townsend scores
Jim Hooper to third
Pedro Sousa to second
Pitching: RHP Cole Snelson
Batting: RHB Roberto Silva 0-0: Ball
1-0: Fly out, F8 (Flyball, 8LM)
Runner from 3rd tags up, SCORES, throw made
Batting: RHB Carlos Sousa 0-0: Called Strike
0-1: Foul Ball, location: 2F
0-2: Foul Ball, location: 2F
0-2: Ball
1-2: Foul Ball, location: 2F
1-2: Fly out, F8 (Line Drive, 78D)
Top of the 6th over - 4 run(s), 3 hit(s), 0 error(s), 2 left on base; Washington 6 - Cincinnati 1
BOTTOM OF THE 6TH
Cincinnati Bearcats batting - Pitching for Washington Huskies : RHP Jeff Nelson
Batting: SHB Pete Potter 0-0: Ball
1-0: Foul Ball, location: 2F
1-1: Ball
2-1: Ground out 4-3 (Groundball, 4S)
Batting: LHB Caleb Ruíz 0-0: Ball
1-0: Called Strike
1-1: Ball
2-1: Ball
3-1: SINGLE (Groundball, 4D)
Pitching: RHP Charlie Mobley
Batting: SHB Miguel Price 0-0: Ball
1-0: Ball
2-0: Called Strike
2-1: Swinging Strike
2-2: Foul Ball, location: 2F
2-2: Ball
3-2: Foul Ball, location: 2F
3-2: Base on Balls
Caleb Ruíz to second
Batting: RHB Craig Porter 0-0: Ball
1-0: Called Strike
1-1: Ball
2-1: SINGLE (Groundball, 56S) (infield hit)
Caleb Ruíz to third
Miguel Price to second
Batting: RHB Larry O'Sheill 0-0: Single, Error in OF, E7, batter to second base
Caleb Ruíz scores
Miguel Price scores
Craig Porter to third
Batting: RHB Ron Moore 0-0: Foul Ball, location: 2F
0-1: Ball
1-1: Called Strike
1-2: Ball
2-2: SINGLE (Groundball, 4S) (infield hit)
Craig Porter scores
Larry O'Sheill to third
Pitching: RHP António Corrigan
Batting: LHB Lee Price 0-0: Called Strike
0-1: Fielders Choice at 2nd, 4-6 (Groundball, 34)
Larry O'Sheill scores
Batting: RHB Ralph Summers 0-0: Ball
1-0: Ground out 6-3 (Groundball, 6M)
Bottom of the 6th over - 4 run(s), 4 hit(s), 1 error(s), 1 left on base; Washington 6 - Cincinnati 5
TOP OF THE 7TH
Washington Huskies batting - Pitching for Cincinnati Bearcats : RHP Cole Snelson
Batting: RHB Jesús López 0-0: Ball
1-0: Foul Ball, location: 2F
1-1: Ball
2-1: SINGLE (Line Drive, 9S)
Batting: RHB Patrick Chávez 0-0: SINGLE (Groundball, 6M) (infield hit)
Jesús López to second
Pinch Runner at 2nd Jorge Fernández:
Batting: RHB Jake Townsend 0-0: Ball
1-0: Foul Ball, location: 2F
1-1: Ball
2-1: Fly out, F8 (Flyball, 8LM)
Pinch Hitting: RHB Tomás Fernández 0-0: Foul Ball, location: 2F
0-1: Foul Ball, location: 2F
0-2: Strikes out looking
Batting: SHB Pedro Sousa 0-0: Ball
1-0: Ground out U3 (Groundball, 34)
Top of the 7th over - 0 run(s), 2 hit(s), 0 error(s), 2 left on base; Washington 6 - Cincinnati 5
BOTTOM OF THE 7TH
Cincinnati Bearcats batting - Pitching for Washington Huskies : RHP António Corrigan
Now at 1B: Tomás Fernández
Batting: RHB Phil Poole 0-0: Ball
1-0: Ball
2-0: Ball
3-0: Base on Balls
Batting: SHB Pete Potter 0-0: Ball
1-0: Ball
2-0: Called Strike
2-1: Sac Bunt - play at first, batter OUT! 5-3
Phil Poole to second
Batting: LHB Caleb Ruíz 0-0: Called Strike
0-1: Ball
1-1: Ball
2-1: Foul Ball, location: 2F
2-2: Ball
3-2: Base on Balls
Batting: SHB Miguel Price 0-0: Ball
1-0: Ball
2-0: Ball
Phil Poole steals 3rd base
Caleb Ruíz to second
3-0: Called Strike
3-1: Foul Ball, location: 2F
3-2: Foul Ball, location: 2F
3-2: Strikes out swinging
Batting: RHB Craig Porter 0-0: Ball
1-0: Ball
2-0: 3-RUN HOME RUN (Flyball, 7D), Distance : 349 ft
Batting: RHB Larry O'Sheill 0-0: Ground out 6-3 (Groundball, 56)
Bottom of the 7th over - 3 run(s), 1 hit(s), 0 error(s), 0 left on base; Washington 6 - Cincinnati 8
TOP OF THE 8TH
Washington Huskies batting - Pitching for Cincinnati Bearcats : RHP Cole Snelson
Batting: RHB Erik Carbajal 0-0: Ball
1-0: Called Strike
1-1: Ball
2-1: Fly out, F8 (Flyball, 8LM)
Batting: RHB Mario Rodríguez 0-0: Called Strike
0-1: Foul Ball, location: 2F
0-2: Ball
1-2: Strikes out swinging
Batting: RHB Roberto Silva 0-0: Ball
1-0: Ball
2-0: SINGLE (Line Drive, 8LS)
Batting: RHB Carlos Sousa 0-0: Fly out, F9 (Flyball, 9LS)
Top of the 8th over - 0 run(s), 1 hit(s), 0 error(s), 1 left on base; Washington 6 - Cincinnati 8
BOTTOM OF THE 8TH
Cincinnati Bearcats batting - Pitching for Washington Huskies : RHP António Corrigan
Pitching: LHP Jorge Nevárez
Batting: RHB Ron Moore 0-0: Called Strike
0-1: Swinging Strike
0-2: Strikes out swinging
Batting: LHB Lee Price 0-0: Ball
1-0: Ball
2-0: Foul Ball, location: 2F
2-1: Ground out 4-3 (Groundball, 34)
Batting: RHB Ralph Summers 0-0: Ball
1-0: Ball
2-0: Called Strike
2-1: Reached on error, E6 (Groundball, 6S)
Batting: RHB Phil Poole 0-0: Ball
1-0: Called Strike
1-1: Ball
2-1: Called Strike
2-2: Foul Ball, location: 2F
2-2: Foul Ball, location: 2F
2-2: Ball
3-2: Strikes out swinging
Bottom of the 8th over - 0 run(s), 0 hit(s), 1 error(s), 1 left on base; Washington 6 - Cincinnati 8
TOP OF THE 9TH
Washington Huskies batting - Pitching for Cincinnati Bearcats : RHP Cole Snelson
Pitching: RHP Frank Scott
Batting: RHB Jorge Fernández 0-0: Ball
1-0: Called Strike
1-1: SINGLE (Groundball, 56S) (infield hit)
Batting: RHB Patrick Chávez 0-0: Called Strike
0-1: Called Strike
0-2: Ball
1-2: Ball
2-2: Strikes out swinging
Batting: RHB Jake Townsend 0-0: Swinging Strike
0-1: Swinging Strike
0-2: Ball
1-2: TRIPLE (Flyball, 89M)
Jorge Fernández scores
Batting: RHB Tomás Fernández 0-0: Foul Ball, location: 2F
0-1: Called Strike
0-2: Ball
1-2: Ball
2-2: Foul Ball, location: 2F
2-2: Foul Ball, location: 2F
2-2: Foul Ball, location: 2F
2-2: DOUBLE (Flyball, 8RM)
Jake Townsend scores
Pinch Hitting: RHB Ben Johnson 0-0: Intentional Walk
Batting: RHB Erik Carbajal 0-0: Foul Ball, location: 2F
0-1: Ball
1-1: Ball
2-1: Ball
3-1: Base on Balls
Tomás Fernández to third
Ben Johnson to second
Batting: RHB Mario Rodríguez 0-0: Ball
1-0: Foul Ball, location: 2F
1-1: Foul Ball, location: 2F
1-2: SINGLE (Groundball, 34D)
Tomás Fernández scores
Ben Johnson to third
Erik Carbajal to second
Runner from 3rd tries for Home, SAFE, throw made home
Erik Carbajal to third
Mario Rodríguez to second
Pitching: RHP George Gallagher
Pinch Hitting: RHB Samuel Robbins 0-0: Swinging Strike
0-1: Swinging Strike
0-2: Ball
1-2: Strikes out looking
Batting: RHB Carlos Sousa 0-0: Ball
1-0: Ball
2-0: Called Strike
2-1: Ball
3-1: Base on Balls
Batting: RHB Jorge Fernández 0-0: Ball
1-0: Ground out 6-3 (Groundball, 6M)
Top of the 9th over - 4 run(s), 4 hit(s), 0 error(s), 3 left on base; Washington 10 - Cincinnati 8
BOTTOM OF THE 9TH
Cincinnati Bearcats batting - Pitching for Washington Huskies : LHP Jorge Nevárez
Pitching: RHP Cory Graham
Now at C: Jeff Shephard
Now in LF: Samuel Robbins
Batting: SHB Pete Potter 0-0: Ball
1-0: Ball
2-0: Called Strike
2-1: Foul Ball, location: 2F
2-2: Foul Ball, location: 2F
2-2: Ball
3-2: Fly out, F9 (Flyball, 9LM)
Batting: LHB Caleb Ruíz 0-0: Ball
1-0: Fly out, F8 (Flyball, 8RM)
Batting: SHB Miguel Price 0-0: Ground out 6-3 (Groundball, 6S)
Bottom of the 9th over - 0 run(s), 0 hit(s), 0 error(s), 0 left on base; Washington 10 - Cincinnati 8
Tuesday, August 8th, 2017 - OOTP Baseball 17.12 Build 75